 Dungeon Crawl Stone Soup version 0.31-a0-764-g8440623082 (webtiles) character file.

Game seed: 4298929044584241992

389 Descartes the Ducker (level 6, -2/25 HPs)
             Began as a Felid Shapeshifter on Sept 15, 2023.
             Slain by a lemure (6 damage)
             ... led by Pikel
             ... on level 4 of the Dungeon.
             The game lasted 00:05:17 (3447 turns).

Descartes the Ducker (Felid Shapeshifter)           Turns: 3447, Time: 00:05:17

Health: -2/25      AC:  2    Str: 12    XL:     6   Next: 50%
Magic:  7/7        EV: 20    Int: 11    God:
Gold:   199        SH:  0    Dex: 16    Spells: 5/5 levels left
                                        Lives:  0   Deaths: 2

rFire   . .          .
                       - Unarmed
rCold   . . .        (shield unavailable)
rNeg    + . .        (body armour unavailable)
rPois   .            (helmet unavailable)
rElec   .            (cloak unavailable)
rCorr   .            (gloves unavailable)
SInv    +            (boots unavailable)
Will    .....        (no amulet)
Stlth   +            n - ring of positive energy
HPRegen 0.24/turn    (no ring)
MPRegen 0.10/turn

%: no passive effects
@: beast-form, quick
A: beast (slay +2), very small, claws 1, fangs 3, see invisible, speed 1, shaggy
fur 2, stealthy paws, no weapons or thrown items, no armour, multi-lived
a: Begin Untransformation


You were on level 4 of the Dungeon.
You were a hulking beast.
You visited 1 branch of the dungeon, and saw 4 of its levels.

You collected 199 gold pieces.

Inventory:

Jewellery
 n - a ring of positive energy (left paw)
Talismans
 b - a beast talisman (active)
 c - a flux talisman
Scrolls
 d - 3 scrolls of revelation
 e - a scroll of poison
 h - a scroll of blinking {unknown}
 i - a scroll of enchant armour {unknown}
 j - 3 scrolls of teleportation
 l - a scroll of silence {unknown}
 m - a scroll of fear {unknown}
 o - a scroll of noise {unknown}
 p - a scroll of identify {unknown}
Potions
 a - 3 potions of lignification
 f - 3 potions of mutation {unknown}
 g - 4 potions of curing {unknown}
 k - a potion of heal wounds {unknown}


   Skills:
 - Level 1.0 Fighting
 + Level 5.8 Dodging
 + Level 4.8 Unarmed Combat
 + Level 5.0 Shapeshifting


You had 5 spell levels left.
You didn't know any spells.
Your spell library contained the following spells:

 Spells                   Type           Power      Damage    Failure   Level
 Lesser Beckoning         Tloc           0%         N/A       47%         2
 Gell's Gravitas          Tloc           0%         N/A       71%         3
 Teleport Other           Tloc           0%         N/A       71%         3


Dungeon Overview and Level Annotations

Branches:
Dungeon (4/15)
 Temple: D:4-7

Altars:
Zin

Shops:
D:1 !

Annotations:
D:3 Pikel


Innate Abilities, Weirdness & Mutations

You are a hulking beast.
Your limbs bulge with bestial killing power. (Slay +2)
You have sharp claws.
You have razor-sharp teeth.
You have supernaturally acute eyesight. (SInv)
You cover ground quickly. (Speed+)
You are covered in thick fur. (AC +2)
Your paws help you pounce on unaware monsters.
You are incapable of wielding weapons or throwing items.
You cannot wear armour.
You gain extra lives every three experience levels.


Message History

You are too injured to fight recklessly!
You are too injured to fight recklessly!
You are too injured to fight recklessly!
You are too injured to fight recklessly!
You are too injured to fight recklessly!
You are too injured to fight recklessly!
You are too injured to fight recklessly!
You are too injured to fight recklessly!
Unknown command.
The lemure attacks as it pursues you! The lemure hits you!
* * * LOW HITPOINT WARNING * * *
A jelly comes into view.
Found a stone staircase leading down.
The hobgoblin shouts!
Found a stone staircase leading up.
You claw the jelly!
Your paws burn!
* * * LOW HITPOINT WARNING * * *
The jelly is severely wounded.
The jelly barely misses you.
You claw the jelly!
You kill the jelly!
The lemure misses you.
Found a sapphire potion.
You scratch the hobgoblin.
You bite the hobgoblin, but do no damage.
The hobgoblin is lightly wounded.
The hobgoblin misses you.
You scratch the hobgoblin.
The hobgoblin is moderately wounded.
The hobgoblin completely misses you.
You claw the hobgoblin!
You kill the hobgoblin!
You scratch the lemure.
The lemure is lightly wounded.
You scratch the lemure.
The lemure is heavily wounded.
The lemure closely misses you. The lemure closely misses you.
The lemure attacks as it pursues you! The lemure hits you.
You die...

.. #.# .# #.# ! ...
#.#.# #.#.# #<..#
#####.#.###########.#
..........5.5h......#
#####.#†#############
# #........
#.#....#####
#...........
#..#..######.#
#..#.....!...#
#..#..########
.>###.#


You could see 2 lemures.

Vanquished Creatures
  Sigmund (D:3)
  Crazy Yiuf (D:2)
  A jelly (D:4)
  Robin (D:3)
  3 gnolls (D:3)
  6 adders
  A dart slug (D:1)
  5 ball pythons
  8 endoplasms
  3 giant cockroaches
  15 goblins
  9 hobgoblins
  7 jackals
  A quokka (D:3)
  5 bats
  3 frilled lizards
  A kobold (D:1)
  7 rats
78 creatures vanquished.

Notes
Turn   | Place    | Note
-------+----------+-------------------------------------------
     0 | D:1      | Descartes the Felid Shapeshifter began the quest for the
                  | Orb.
     0 | D:1      | Reached XP level 1. HP: 9/9 MP: 2/2
   155 | D:1      | Found Gulye's Distillery.
   171 | D:1      | Reached XP level 2. HP: 9/12 MP: 3/3
   739 | D:2      | Reached XP level 3. HP: 15/15 MP: 4/4
   940 | D:2      | Found a faded altar of an unknown god.
  1178 | D:2      | Reached XP level 4. HP: 17/19 MP: 5/5
  1374 | D:2      | Found a runed translucent door.
  1375 | D:2      | Noticed Crazy Yiuf
  1454 | D:2      | Killed Crazy Yiuf
  1589 | D:3      | Found a glowing silver altar of Zin.
  1853 | D:3      | Noticed Robin
  1923 | D:3      | Reached XP level 5. HP: 22/22 MP: 6/6
  2156 | D:3      | Killed Robin
  2202 | D:3      | Noticed Sigmund
  2220 | D:3      | Killed Sigmund
  2221 | D:3      | Reached skill level 5 in Dodging
  2221 | D:3      | Gained mutation: You are covered in thick fur. (AC +2)
                  | [Felid growth]
  2221 | D:3      | Reached XP level 6. HP: 25/25 MP: 7/7
  2259 | D:3      | Reached skill level 5 in Shapeshifting
  2647 | D:4      | Noticed Pikel
  2717 | D:3      | HP: 1/25 [Pikel/+0 whip of flaming (2)]
  2718 | D:3      | Mangled by Pikel
  3325 | D:3      | Found a glowing silver altar of Zin.
  3396 | D:3      | Slain by Pikel
  3433 | D:4      | HP: 1/25 [acid (1)]
  3447 | D:4      | Slain by a lemure

Illustrated notes

Levels and vault maps discovered:
D:1:      dpeg_arrival_rooms_c, layout_loops_ring, serial_shops,
          nicolae_shop_tiny_statue_garden
D:2:      layout_basic, shapermc_ecumenical_altar_venn, uniq_crazy_yiuf_cottage
D:3:      layout_basic, mainiacjoe_overflow_catwalk, uniq_robin, uniq_sigmund
D:4:      layout_basic, uniq_blork_the_orc, uniq_pikel

Skill      XL: |  1  2  3  4  5  6 |
---------------+-------------------+-----
Dodging        | 3 4 5 |  5.8
Shapeshifting  | 4 5 |  5.0
Unarmed Combat | 4 |  4.8
Fighting       | |  1.0

Action                     |  1- 3 |  4- 6 || total
---------------------------+-------+-------++-------
  Melee: Unarmed           |    61 |   140 ||   201
         Bite              |     5 |    17 ||    22
         Punch             |     1 |     3 ||     4
    Use: Scroll            |       |     4 ||     4
   Stab: Sleeping          |     6 |     3 ||     9
         Distracted        |     1 |       ||     1
 Armour: Skin              |    18 |    56 ||    74
  Dodge: Dodged            |    29 |   117 ||   146

Table legend: (Time is in decaauts)
 A = Elapsed time spent in this place.
 B = Non-inter-level travel time spent in this place.
 C = Inter-level travel time spent in this place.
 D = Time resting spent in this place.
 E = Time spent auto-exploring this place.
 F = Levels seen in this place.
 G = Mean time per level.
                   A        B        C        D        E       F      G
               +--------+--------+--------+--------+--------+-----+--------+
         Total |   2926 |   2583 |    343 |      2 |   1934 |   4 |  731.5 |
       Dungeon |   2926 |   2583 |    343 |      2 |   1934 |   4 |  731.5 |
               +--------+--------+--------+--------+--------+-----+--------+

Top non-repeatable levels by time:
     D:3: 1415 daAuts
     D:2: 837 daAuts
     D:1: 622 daAuts
     D:4: 50 daAuts
